 Dungeon Crawl Stone Soup version 0.20-a0-947-g2784f4f (webtiles) character file.

1685 FrankyJ the Protected (level 9, 0/81 HPs)
             Began as a Hill Orc Monk on Apr 3, 2017.
             Was an Elder of Beogh.
             Succumbed to a wight's poison
             ... on level 7 of the Dungeon.
             The game lasted 00:15:42 (8432 turns).

FrankyJ the Protected (Hill Orc Monk)               Turns: 8432, Time: 00:15:43

Health: 0/81       AC: 10    Str: 17    XL:     9   Next: 2%
Magic:  6/9        EV: 12    Int: 10    God:    Beogh [****..]
Gold:   331        SH:  0    Dex: 13    Spells: 8/8 levels left

rFire    . . .     SeeInvis .   x - +0 hand axe (venom)
rCold    . . .     Gourm    .   (no shield)
rNeg     + . .     Faith    .   f - +0 ring mail
rPois    .         Spirit   .   z - +1 hat
rElec    .         Reflect  .   (no cloak)
rCorr    .         Harm     .   p - +1 pair of gloves
MR       .....                  (no boots)
Stlth    +.........             (no amulet)
Regen    0.3/turn               s - ring of positive energy
MPRegen  0.2/turn               (no ring)

@: lethally poisoned (0 -> -25), drained
A: no striking features
a: Smiting, Recall Orcish Followers, Renounce Religion


You were on level 7 of the Dungeon.
You worshipped Beogh.
Beogh was greatly pleased with you.
You were not hungry.

You visited 1 branch of the dungeon, and saw 7 of its levels.

You collected 331 gold pieces.

Inventory:

Hand Weapons
 r - a +0 lajatang
 u - a +4 spear
 x - a +0 hand axe of venom (weapon)
Armour
 f - a +0 ring mail (worn)
 p - a +1 pair of gloves (worn)
 y - a +0 leather armour of cold resistance
 z - a +1 hat (worn)
Jewellery
 a - an uncursed ring of poison resistance {unknown}
 s - a ring of positive energy (left hand)
Wands
 C - a wand of flame (25/48)
 E - a wand of iceblast (8/15)
 F - a wand of confusion (19/48)
Scrolls
 d - 4 scrolls of teleportation {unknown}
 m - 7 scrolls of remove curse
 o - a scroll of noise {unknown}
 v - 2 scrolls of blinking {unknown}
 A - a scroll of random uselessness {unknown}
 B - a scroll of fog
 D - a scroll of amnesia {unknown}
Potions
 c - 2 potions of berserk rage {unknown}
 e - 2 potions of lignification {unknown}
 g - 2 potions of ambrosia {unknown}
 h - a potion of flight {unknown}
 j - a potion of degeneration {unknown}
 k - 2 potions of haste {unknown}
 l - a potion of might {unknown}
 q - 2 potions of heal wounds
 w - a potion of curing {unknown}
Comestibles
 b - 4 bread rations
 i - 3 royal jellies
 n - 3 meat rations
 t - a fruit


   Skills:
 - Level 8.0(7.3) Fighting
 + Level 7.4(6.8) Axes
 + Level 8.5(7.9) Armour
 - Level 3.2(2.7) Dodging
 - Level 3.2(2.7) Stealth


You had 8 spell levels left.
You didn't know any spells.

Dungeon Overview and Level Annotations

Branches:
Dungeon (7/15)             Temple (0/1) D:5

Altars:
Ashenzari
Cheibriados
Dithmenos
Elyvilon
Fedhas
Okawaru
Trog
Vehumet
Wu Jian
Xom
Zin
The Shining One

Shops:
D:4 =


Message History

Press: ? - help, Dir - move target cursor, f/p - wight
Aim: a wight, wielding a halberd of venom and wearing a robe (heavily damaged) Attack!
You feel sick. The wight barely misses you.
Your orc warrior barely misses the wight.
You feel sick.
The wight hits you from afar with a halberd of venom.
* * * LOW HITPOINT WARNING * * *
You are more poisoned.
* * * LOW HITPOINT WARNING * * *
You feel sick.
The wight hits you from afar with a halberd of venom.
* * * LOW HITPOINT WARNING * * *
You partially resist.
You feel drained.
You swap places.
* * * LOW HITPOINT WARNING * * *
You feel very sick.
Your orc warrior hits something with a flail.
Something hits your orc warrior.
Your orc warrior is poisoned.
You die...

#.. #+# #.# #.# #.#
######.############.#
....)#.#.........##.#
.###.....#######.##z#
o###..o..# #####o##o#
..##....o# #....o.oo#
..##.#.#o###.###@####
........o........#
.###.#############
.....# ######


You could see 3 friendly orc warriors and 2 friendly orcs.

Vanquished Creatures
  An ice beast (D:6)
  An ogre (D:4)
  2 bullfrogs (D:6)
  A scorpion (D:6)
  A howler monkey (D:3)
  4 wights (D:7)
  A crimson imp (D:5)
  A jelly (D:5)
  2 hounds
  4 orc wizards
  Jessica (D:3)
  5 iguanas
  Natasha (thrice) (D:3)
  4 worker ants
  2 hound zombies
  3 gnolls (D:5)
  11 adders
  An ooze (D:4)
  6 worms
  15 orcs
  2 ball pythons
  7 giant cockroaches
  7 goblins
  7 hobgoblins (D:1)
  7 jackals
  8 kobolds
  3 quokkas
  8 bats
  6 frilled lizards
  A giant cockroach zombie (D:5)
  A jackal skeleton (D:6)
  A leopard gecko skeleton (D:6)
  9 rats
136 creatures vanquished.

Vanquished Creatures (collateral kills)
  2 ogres
  A crimson imp (D:5)
  A quasit (D:6)
  A centaur zombie (D:6)
  A jelly (D:7)
  2 orc wizards (D:5)
  An iron imp (D:5)
  2 worker ants
  An iguana (D:5)
  An adder (D:6)
  An adder zombie (D:6)
  A leopard gecko (D:6)
  A giant cockroach (D:6)
  A frilled lizard (D:5)
  A butterfly (D:5)
18 creatures vanquished.

Vanquished Creatures (others)
  3 orc priests
  An orc wizard (D:3)
  An adder (D:3)
  An ooze (D:3)
  5 orcs
  A bat (D:3)
  A quokka (D:3)
  A kobold (D:3)
14 creatures vanquished.

Grand Total: 168 creatures vanquished

Notes
Turn   | Place    | Note
-------+----------+-------------------------------------------
     0 | D:1      | FrankyJ the Hill Orc Monk began the quest for the Orb.
     0 | D:1      | Reached XP level 1. HP: 22/22 MP: 1/1
   174 | D:1      | Reached skill level 5 in Fighting
   309 | D:1      | Reached XP level 2. HP: 29/29 MP: 2/2
   340 | D:1      | Reached skill level 1 in Armour
   786 | D:1      | Reached XP level 3. HP: 29/36 MP: 3/3
   975 | D:2      | Found an iron altar of Okawaru.
  1300 | D:2      | Found a shattered altar of Ashenzari.
  1668 | D:2      | Found a shadowy altar of Dithmenos.
  1812 | D:2      | Reached XP level 4. HP: 42/44 MP: 4/4
  2184 | D:3      | Noticed Natasha
  2272 | D:3      | Killed Natasha
  2272 | D:3      | Reached XP level 5. HP: 36/51 MP: 5/5
  2280 | D:3      | Noticed Natasha
  2429 | D:3      | Killed Natasha
  2541 | D:3      | Noticed Natasha
  2620 | D:3      | Became a worshipper of Beogh the Brigand
  2620 | D:3      | Reached * piety under Beogh
  2620 | D:3      | Reached ** piety under Beogh
  2681 | D:3      | Found a blossoming altar of Fedhas.
  2694 | D:3      | Killed Natasha
  2829 | D:3      | Reached XP level 6. HP: 37/60 MP: 6/6
  3010 | D:3      | Noticed Jessica
  3024 | D:3      | Killed Jessica
  3229 | D:3      | Found a radiant altar of Vehumet.
  3305 | D:3      | Found a white marble altar of Elyvilon.
  3390 | D:3      | Noticed a moth of wrath
  3393 | D:3      | Found a bloodstained altar of Trog.
  3955 | D:4      | Reached skill level 5 in Armour
  3984 | D:4      | Reached XP level 7. HP: 61/67 MP: 7/7
  4149 | D:4      | Found a shadowy altar of Dithmenos.
  4219 | D:4      | Found Syquq's Jewellery Shop.
  4320 | D:4      | Reached *** piety under Beogh
  4428 | D:4      | Reached skill level 1 in Axes
  4987 | D:5      | Entered Level 5 of the Dungeon
  5029 | D:5      | Found a staircase to the Ecumenical Temple.
  5503 | D:5      | Reached XP level 8. HP: 52/74 MP: 8/8
  6077 | D:5      | Found a snail-covered altar of Cheibriados.
  6734 | D:6      | Reached skill level 5 in Axes
  6965 | D:6      | Found an ornate altar of the Wu Jian Council.
  7031 | D:6      | Reached **** piety under Beogh
  7170 | D:6      | Noticed an angel
  7172 | D:6      | Found a glowing silver altar of Zin.
  7173 | D:6      | Found a shimmering altar of Xom.
  7222 | D:6      | Found a glowing golden altar of the Shining One.
  8424 | D:7      | Reached XP level 9. HP: 35/81 MP: 9/9
  8430 | D:7      | HP: 4/81 [wight/halberd of venom (5)]
  8432 | D:7      | Succumbed to a wight's poison

Vault maps used:
D:1:      scummos_arrival_simple_fountains
D:2:      overflow_temple_1_default, old_standard_altar,
          grunt_dithmenos_smoke_and_mirrors
D:3:      lemuel_coloured_pillars_altar, elyvilon_altar_4, tgw_trog,
          lemuel_round_altar, uniq_jessica, uniq_natasha
D:4:      lemuel_crystal_altar, serial_shops, nicolae_shop_trees,
          kennysheep_cluttered_room
D:5:      slow_altar_1, minmay_temple_entry_butterflies, first_bread,
          minmay_crystal_water, kennysheep_diamond
D:6:      nicolae_tso_carved_into_rock, grunt_temple_overflow_order_and_chaos_1,
          kennysheep_little_box, portal_sewer_entry_d

Skill      XL: |  1  2  3  4  5  6  7  8 |
---------------+-------------------------+-----
Fighting       | 5 6 7 8 |  8.0
Armour         | 1 2 3 4 5 6 8 |  8.5
Axes           | 3 7 |  7.4
Dodging        | |  3.2
Stealth        | |  3.2

Action                   |  1- 3 |  4- 6 |  7- 9 || total
-------------------------+-------+-------+-------++-------
Melee: Dagger            |   252 |       |       ||   252
       Unarmed           |     9 |       |       ||     9
       Long sword        |     7 |   125 |       ||   132
       Spear             |       |   107 |       ||   107
       Hand axe          |       |       |   259 ||   259
Invok: Convert to Beogh  |       |     1 |       ||     1
       Recall Orcish Fol |       |       |     1 ||     1
       Smiting           |       |       |     1 ||     1
  Use: Scroll            |     4 |       |       ||     4
 Stab: Sleeping          |     2 |     2 |     4 ||     8
       Distracted        |     1 |       |     2 ||     3
  Eat: Chunk             |     3 |     8 |    14 ||    25
Armor: Ring mail         |   122 |   125 |    82 ||   329
       Robe              |     1 |       |       ||     1
Dodge: Dodged            |   197 |   225 |   149 ||   571
       Rpst.: Long sword |     3 |    38 |       ||    41
